TOP OF THE 1ST |
Kingston Township Knights batting - Pitching for Buckhead Bowties : LHP Paul Haines
|
Pitching: LHP Paul Haines
|
|
Batting: RHB Daniel Maldonado
|
0-0: Foul Ball, location: 2F 0-1: Called Strike 0-2: Foul Ball, location: 2F 0-2: Ground out 4-3 (Groundball, 4, EV 81.2 MPH)
|
Batting: RHB Takenao Wakabayashi
|
0-0: Ball 1-0: Foul Ball, location: 2F 1-1: Fly out, F8 (Flyball, 8RM, EV 83.1 MPH)
|
Batting: RHB Ron Bernard
|
0-0: Called Strike 0-1: Called Strike 0-2: Strikes out looking
|
Top of the 1st over - 0 runs, 0 hits, 0 errors, 0 left on base; Kingston Township 0 - Buckhead 0 |
BOTTOM OF THE 1ST |
Buckhead Bowties batting - Pitching for Kingston Township Knights : LHP Pete Rhue
|
Pitching: LHP Pete Rhue
|
|
Batting: SHB Nuygen Vuong
|
0-0: Called Strike 0-1: Foul Ball, location: 2F 0-2: Ball 1-2: Strikes out swinging
|
Batting: RHB Jeff Mouton
|
0-0: Called Strike 0-1: Ball 1-1: Ball 2-1: Ball 3-1: Foul Ball, location: 2F 3-2: Strikes out swinging
|
Batting: LHB Marcus Shill
|
0-0: Called Strike 0-1: Ball 1-1: Fly out, F7 (Line Drive, 78S, EV 92.5 MPH)
|
Bottom of the 1st over - 0 runs, 0 hits, 0 errors, 0 left on base; Kingston Township 0 - Buckhead 0 |
TOP OF THE 2ND |
Kingston Township Knights batting - Pitching for Buckhead Bowties : LHP Paul Haines
|
Batting: RHB Holden Ford
|
0-0: Ball 1-0: Ball 2-0: Fly out, F9 (Flyball, 9, EV 91.9 MPH)
|
Batting: LHB Ed Mellor
|
0-0: Called Strike 0-1: Called Strike 0-2: Ball 1-2: Foul Ball, location: 2F 1-2: Strikes out swinging
|
Batting: RHB Hou Kong
|
0-0: Ball 1-0: Foul Ball, location: 2F 1-1: Ball 2-1: Swinging Strike 2-2: Ball 3-2: Foul Ball, location: 2F 3-2: Ground out 5-3 (Groundball, 56, EV 108.8 MPH)
|
Top of the 2nd over - 0 runs, 0 hits, 0 errors, 0 left on base; Kingston Township 0 - Buckhead 0 |
BOTTOM OF THE 2ND |
Buckhead Bowties batting - Pitching for Kingston Township Knights : LHP Pete Rhue
|
Batting: RHB Emílio Agramónte
|
0-0: Called Strike 0-1: Called Strike 0-2: Strikes out swinging
|
Batting: LHB Jesús Encarnación
|
0-0: Swinging Strike 0-1: Foul Ball, location: 2F 0-2: Foul Ball, location: 2F 0-2: SOLO HOME RUN (Flyball, 8RXD, EV 106.2 MPH), Distance : 450 ft
|
Batting: RHB Nick Bechtel
|
0-0: Ball 1-0: Fly out, F7 (Flyball, 7, EV 86.9 MPH)
|
Batting: RHB Barsati Saraf
|
0-0: Foul Ball, location: 2F 0-1: Ball 1-1: Swinging Strike 1-2: Ball 2-2: Strikes out swinging
|
Bottom of the 2nd over - 1 run, 1 hit, 0 errors, 0 left on base; Kingston Township 0 - Buckhead 1 |
TOP OF THE 3RD |
Kingston Township Knights batting - Pitching for Buckhead Bowties : LHP Paul Haines
|
Batting: RHB Alfredo Cardenas
|
0-0: Foul Ball, location: 2F 0-1: Ball 1-1: Swinging Strike 1-2: Strikes out swinging
|
Batting: RHB Khal Drogo
|
0-0: Called Strike 0-1: Ball 1-1: Ground out 1-3 (Groundball, P, EV 91.2 MPH)
|
Batting: RHB Glenn Curtis
|
0-0: Ball 1-0: Ball 2-0: Called Strike 2-1: Ground out U3 (Groundball, 3, EV 94.4 MPH)
|
Top of the 3rd over - 0 runs, 0 hits, 0 errors, 0 left on base; Kingston Township 0 - Buckhead 1 |
BOTTOM OF THE 3RD |
Buckhead Bowties batting - Pitching for Kingston Township Knights : LHP Pete Rhue
|
Batting: SHB Henrique de Senna Fernandes
|
0-0: Called Strike 0-1: Called Strike 0-2: Strikes out looking
|
Batting: LHB Badry Maksimenov
|
0-0: Ball 1-0: Swinging Strike 1-1: Foul Ball, location: 2F 1-2: Ball 2-2: Strikes out swinging
|
Batting: SHB Nuygen Vuong
|
0-0: Foul Ball, location: 2F 0-1: Called Strike 0-2: Ball 1-2: SOLO HOME RUN (Flyball, 7D, EV 93.8 MPH), Distance : 378 ft
|
Batting: RHB Jeff Mouton
|
0-0: Foul Ball, location: 2F 0-1: Ball 1-1: SOLO HOME RUN (Flyball, 7D, EV 101.2 MPH), Distance : 385 ft
|
Batting: LHB Marcus Shill
|
0-0: Ball 1-0: Fly out, F9 (Flyball, 89S, EV 88.8 MPH)
|
Bottom of the 3rd over - 2 runs, 2 hits, 0 errors, 0 left on base; Kingston Township 0 - Buckhead 3 |
TOP OF THE 4TH |
Kingston Township Knights batting - Pitching for Buckhead Bowties : LHP Paul Haines
|
Batting: RHB Daniel Maldonado
|
0-0: Foul Ball, location: 2F 0-1: Called Strike 0-2: Ground out U3 (Groundball, 34, EV 99.4 MPH)
|
Batting: RHB Takenao Wakabayashi
|
0-0: Called Strike 0-1: Ground out 6-3 (Groundball, 6, EV 83.8 MPH)
|
Batting: RHB Ron Bernard
|
0-0: Foul Ball, location: 2F 0-1: Called Strike 0-2: Reached on error, E4 (Groundball, 4, EV 90.0 MPH)
|
Batting: RHB Holden Ford
|
0-0: Ground out 5-3 (Groundball, 56S, EV 81.9 MPH)
|
Top of the 4th over - 0 runs, 0 hits, 1 error, 1 left on base; Kingston Township 0 - Buckhead 3 |
BOTTOM OF THE 4TH |
Buckhead Bowties batting - Pitching for Kingston Township Knights : LHP Pete Rhue
|
Batting: RHB Emílio Agramónte
|
0-0: Called Strike 0-1: Ball 1-1: Swinging Strike 1-2: Fly out, F8 (Flyball, 89D, EV 82.5 MPH)
|
Batting: LHB Jesús Encarnación
|
0-0: Called Strike 0-1: Foul Ball, location: 2F 0-2: Foul Ball, location: 2F 0-2: Fly out, F6 (Popup, 6D, EV 56.2 MPH)
|
Batting: RHB Nick Bechtel
|
0-0: Called Strike 0-1: Foul Ball, location: 2F 0-2: Strikes out looking
|
Bottom of the 4th over - 0 runs, 0 hits, 0 errors, 0 left on base; Kingston Township 0 - Buckhead 3 |
TOP OF THE 5TH |
Kingston Township Knights batting - Pitching for Buckhead Bowties : LHP Paul Haines
|
Batting: LHB Ed Mellor
|
0-0: Ball 1-0: Foul Ball, location: 2F 1-1: Foul Ball, location: 2F 1-2: Strikes out swinging
|
Batting: RHB Hou Kong
|
0-0: Called Strike 0-1: Swinging Strike 0-2: Ball 1-2: Ball 2-2: Foul Ball, location: 2F 2-2: Strikes out swinging, 2-3 out at first.
|
Batting: RHB Alfredo Cardenas
|
0-0: Ball 1-0: Foul Ball, location: 2F 1-1: Called Strike 1-2: Strikes out looking
|
Top of the 5th over - 0 runs, 0 hits, 0 errors, 0 left on base; Kingston Township 0 - Buckhead 3 |
BOTTOM OF THE 5TH |
Buckhead Bowties batting - Pitching for Kingston Township Knights : LHP Pete Rhue
|
Batting: RHB Barsati Saraf
|
0-0: Called Strike 0-1: Fly out, F8 (Line Drive, 8RD, EV 91.2 MPH)
|
Batting: SHB Henrique de Senna Fernandes
|
0-0: Called Strike 0-1: Foul Ball, location: 2F 0-2: Ball 1-2: Fly out, F3 (Popup, 34, EV 63.1 MPH)
|
Batting: LHB Badry Maksimenov
|
0-0: Ball 1-0: Ball 2-0: SOLO HOME RUN (Flyball, 9D, EV 95.6 MPH), Distance : 352 ft
|
Batting: SHB Nuygen Vuong
|
0-0: Ball 1-0: Ball 2-0: Ball 3-0: Called Strike 3-1: Called Strike 3-2: Foul Ball, location: 2F 3-2: Strikes out looking
|
Bottom of the 5th over - 1 run, 1 hit, 0 errors, 0 left on base; Kingston Township 0 - Buckhead 4 |
TOP OF THE 6TH |
Kingston Township Knights batting - Pitching for Buckhead Bowties : LHP Paul Haines
|
Batting: RHB Khal Drogo
|
0-0: Ball 1-0: Foul Ball, location: 2F 1-1: Foul Ball, location: 2F 1-2: Ball 2-2: Strikes out swinging
|
Batting: RHB Glenn Curtis
|
0-0: Ball 1-0: Fly out, F9 (Flyball, 9S, EV 88.8 MPH)
|
Batting: RHB Daniel Maldonado
|
0-0: SINGLE (Flyball, 89S, EV 93.1 MPH)
|
Batting: RHB Takenao Wakabayashi
|
0-0: Ball 1-0: Called Strike 1-1: Called Strike 1-2: Strikes out looking
|
Top of the 6th over - 0 runs, 1 hit, 0 errors, 1 left on base; Kingston Township 0 - Buckhead 4 |
BOTTOM OF THE 6TH |
Buckhead Bowties batting - Pitching for Kingston Township Knights : LHP Pete Rhue
|
Batting: RHB Jeff Mouton
|
0-0: Called Strike 0-1: Fly out, F7 (Flyball, 7S, EV 90.0 MPH)
|
Batting: LHB Marcus Shill
|
0-0: Ball 1-0: Called Strike 1-1: Ball 2-1: Swinging Strike 2-2: Foul Ball, location: 2F 2-2: SINGLE (Line Drive, 9S, EV 88.8 MPH)
|
Batting: RHB Emílio Agramónte
|
0-0: Ball 1-0: Ball 2-0: Grounds into double play, 4-6-3 (Groundball, 4, EV 87.5 MPH)
|
Bottom of the 6th over - 0 runs, 1 hit, 0 errors, 0 left on base; Kingston Township 0 - Buckhead 4 |
TOP OF THE 7TH |
Kingston Township Knights batting - Pitching for Buckhead Bowties : LHP Paul Haines
|
Batting: RHB Ron Bernard
|
0-0: SINGLE (Groundball, 56D, EV 102.5 MPH)
|
Batting: RHB Holden Ford
|
0-0: Called Strike 0-1: Ball 1-1: Called Strike 1-2: Fielders Choice at 2nd, 1-6 (Groundball, 34S, EV 80.6 MPH)
|
Batting: LHB Ed Mellor
|
0-0: Ball 1-0: Ball 2-0: Ball 3-0: Base on Balls Holden Ford to second
|
Batting: RHB Hou Kong
|
0-0: Called Strike 0-1: Foul Ball, location: 2F 0-2: Ball 1-2: Ball 2-2: SINGLE (Groundball, 6D, EV 103.8 MPH) Holden Ford to third Ed Mellor to second
|
Batting: RHB Alfredo Cardenas
|
0-0: Foul Ball, location: 2F 0-1: Ball 1-1: Foul Ball, location: 2F 1-2: Strikes out swinging
|
Batting: RHB Khal Drogo
|
0-0: Ball 1-0: Called Strike 1-1: Ball 2-1: DOUBLE (Line Drive, 7LS, EV 98.8 MPH) Holden Ford scores Ed Mellor scores Hou Kong to third
|
Batting: RHB Glenn Curtis
|
0-0: Called Strike 0-1: Called Strike 0-2: Ground out U3 (Groundball, 3S, EV 70.6 MPH)
|
Top of the 7th over - 2 runs, 3 hits, 0 errors, 2 left on base; Kingston Township 2 - Buckhead 4 |
BOTTOM OF THE 7TH |
Buckhead Bowties batting - Pitching for Kingston Township Knights : LHP Pete Rhue
|
Batting: LHB Jesús Encarnación
|
0-0: Ball 1-0: Ball 2-0: Foul Ball, location: 2F 2-1: Ground out 4-3 (Groundball, 4, EV 86.2 MPH)
|
Batting: RHB Nick Bechtel
|
0-0: Ball 1-0: Called Strike 1-1: Called Strike 1-2: Foul Ball, location: 2F 1-2: Fly out, F8 (Flyball, 8LD, EV 76.2 MPH)
|
Batting: RHB Barsati Saraf
|
0-0: Ball 1-0: Called Strike 1-1: Ball 2-1: Swinging Strike 2-2: Strikes out swinging
|
Bottom of the 7th over - 0 runs, 0 hits, 0 errors, 0 left on base; Kingston Township 2 - Buckhead 4 |
TOP OF THE 8TH |
Kingston Township Knights batting - Pitching for Buckhead Bowties : LHP Paul Haines
|
Pitching: LHP Yajirobei Otomo
|
|
Batting: RHB Daniel Maldonado
|
0-0: Called Strike 0-1: Ball 1-1: Ball 2-1: Called Strike 2-2: Foul Ball, location: 2F 2-2: Strikes out swinging
|
Batting: RHB Takenao Wakabayashi
|
0-0: SOLO HOME RUN (Flyball, 7LD, EV 100.6 MPH), Distance : 367 ft
|
Batting: RHB Ron Bernard
|
0-0: Swinging Strike 0-1: Ball 1-1: Foul Ball, location: 2F 1-2: Ball 2-2: Strikes out looking
|
Batting: RHB Holden Ford
|
0-0: Called Strike 0-1: Ball 1-1: Ground out 3-1 (Groundball, 3S, EV 81.2 MPH)
|
Top of the 8th over - 1 run, 1 hit, 0 errors, 0 left on base; Kingston Township 3 - Buckhead 4 |
BOTTOM OF THE 8TH |
Buckhead Bowties batting - Pitching for Kingston Township Knights : LHP Pete Rhue
|
Batting: SHB Henrique de Senna Fernandes
|
0-0: Ball 1-0: Foul Ball, location: 2F 1-1: Ball 2-1: Ball 3-1: Called Strike 3-2: SINGLE (Line Drive, 78M, EV 105.6 MPH)
|
Pitching: RHP Morris Prinkey
|
|
Batting: LHB Badry Maksimenov
|
0-0: Foul Ball, location: 2F 0-1: Called Strike 0-2: Ball 1-2: Foul Ball, location: 2F 1-2: Ball 2-2: Ball 3-2: SINGLE (Flyball, 8RS, EV 88.8 MPH) Henrique de Senna Fernandes to second Henrique de Senna Fernandes to third
|
Batting: SHB Nuygen Vuong
|
0-0: SINGLE (Groundball, 4, EV 101.2 MPH) (infield hit) Henrique de Senna Fernandes scores Badry Maksimenov to second
|
Batting: RHB Jeff Mouton
|
0-0: Ball 1-0: Called Strike 1-1: Foul Ball, location: 2F 1-2: Fly out, F7 (Flyball, 7LMF, EV 103.8 MPH)
|
Batting: LHB Marcus Shill
|
0-0: Called Strike 0-1: Foul Ball, location: 2F 0-2: Ball 1-2: Strikes out swinging
|
Batting: RHB Emílio Agramónte
|
0-0: Ball 1-0: Fielders Choice at 2nd, 6-4 (Groundball, 6, EV 93.1 MPH)
|
Bottom of the 8th over - 1 run, 3 hits, 0 errors, 2 left on base; Kingston Township 3 - Buckhead 5 |
TOP OF THE 9TH |
Kingston Township Knights batting - Pitching for Buckhead Bowties : LHP Yajirobei Otomo
|
Pitching: RHP Nand Lal Chaudhary
|
|
Batting: LHB Ed Mellor
|
0-0: Ball 1-0: Ball 2-0: Ball 3-0: Called Strike 3-1: Base on Balls
|
Batting: RHB Hou Kong
|
0-0: Called Strike 0-1: Foul Ball, location: 2F 0-2: Ball 1-2: Foul Ball, location: 2F 1-2: Foul Ball, location: 2F 1-2: Ball 2-2: Strikes out swinging
|
Batting: RHB Alfredo Cardenas
|
0-0: Ball 1-0: Foul Ball, location: 2F 1-1: Fielders Choice at 2nd, 1-6 (Groundball, 34S, EV 69.4 MPH)
|
Batting: RHB Khal Drogo
|
0-0: Ball 1-0: Called Strike 1-1: Called Strike 1-2: Foul Ball, location: 2F 1-2: Strikes out swinging
|
Top of the 9th over - 0 runs, 0 hits, 0 errors, 1 left on base; Kingston Township 3 - Buckhead 5 |
|